 Dungeon Crawl Stone Soup version 0.19.1 (webtiles) character file.

270 Faustar the Ruffian (level 6, -3/57 HPs)
             Began as a Troll Transmuter on Dec 27, 2016.
             Slain by a goblin (6 damage)
             ... led by Robin
             ... on level 4 of the Dungeon.
             The game lasted 00:03:05 (2651 turns).

Faustar the Ruffian (Troll Transmuter)              Turns: 2651, Time: 00:03:06

Health: -3/57      AC:  5    Str: 21    XL:     6   Next: 1%
Magic:  6/6        EV: 10    Int:  9    God:
Gold:   133        SH:  0    Dex: 10    Spells: 1 memorised, 6 levels left

rFire  . . .     SeeInvis +       - Unarmed
rCold  . . .     Gourm    +     b - +0 robe
rNeg   . . .     Faith    .     (no shield)
rPois  .         Spirit   .     (helmet restricted)
rElec  .         Reflect  .     (no cloak)
rCorr  .         Harm     .     (gloves unavailable)
MR     .....                    (boots unavailable)
Stlth  +.........               n - amulet of magic regeneration
                                (no ring)
                                m - ring of see invisible

@: no status effects
A: unfitting armour, claws 3, fast metabolism 3, gourmand, regeneration 1,
shaggy fur 1, tough skin 2
a: no special abilities


You were on level 4 of the Dungeon.
You were not hungry.

You visited 1 branch of the dungeon, and saw 4 of its levels.

You collected 133 gold pieces.

Inventory:

Missiles
 a - 44 arrows
Armour
 b - a +0 robe (worn)
Jewellery
 m - a ring of see invisible (left claw)
 n - an amulet of magic regeneration (around neck)
 x - an uncursed amulet of guardian spirit {unknown}
Scrolls
 e - a scroll of amnesia {unknown}
 q - 3 scrolls of noise {unknown}
 r - 3 scrolls of identify {unknown}
 s - 3 scrolls of fear {unknown}
 y - a scroll of teleportation {unknown}
 B - a scroll of enchant armour {unknown}
Potions
 h - 2 potions of mutation {unknown}
 j - a potion of might {unknown}
 k - 3 potions of curing {unknown}
 l - a potion of flight {unknown}
 o - a potion of ambrosia {unknown}
 p - a potion of invisibility {unknown}
 t - a potion of cure mutation {unknown}
 w - 2 potions of haste {unknown}
 z - a potion of brilliance {unknown}
 A - a potion of heal wounds {unknown}
Books
 c - a book of Changes

   Spells                             Type                      Level
   a - Beastly Appendage              Transmutation                1
   b - Sticks to Snakes               Transmutation                2
   c - Spider Form                    Transmutation/Poison         3
   d - Ice Form                       Ice/Transmutation            4
   e - Blade Hands                    Transmutation                5
Comestibles
 d - 5 bread rations
 f - 3 beef jerkies
 g - 4 meat rations
 i - 14 fruits
 v - 2 slices of pizza


   Skills:
 + Level 1.9 Fighting
 - Level 1.5 Dodging
 - Level 6.3 Unarmed Combat
 - Level 1.2 Spellcasting
 - Level 1.3 Transmutations


You had 6 spell levels left.
You knew the following spells:

 Your Spells              Type           Power        Failure   Level  Hunger
a - Beastly Appendage     Tmut           #.....       21%         1    ##.....


Dungeon Overview and Level Annotations

Branches:
Dungeon (4/15)
 Temple: D:4-7

Altars:
Kikubaaqudgha
Ru
Trog

Annotations:
D:4 Robin


Innate Abilities, Weirdness & Mutations

You are too large for most types of armour.
You have claws for hands.
Your metabolism is lightning-fast.
You like to eat raw meat.
Your natural rate of healing is unusually fast.
You are covered in fur. (AC +1)
You have very tough skin. (AC +2)


Message History

You are too injured to fight recklessly!
You are too injured to fight recklessly!
You are too injured to fight recklessly!
You are too injured to fight recklessly!
You are too injured to fight recklessly!
You are too injured to fight recklessly!
You are too injured to fight recklessly!
You are too injured to fight recklessly!
Unknown command.
The goblin hits you but does no damage. Robin throws the goblin at you!
The goblin barely misses you. The goblin misses you.
You barely miss the goblin. The goblin barely misses you.
The goblin closely misses you. Robin throws the goblin at you!
The goblin closely misses you.
The goblin hits you but does no damage. x2
Unknown command.
Unknown command.
As you read the scroll labeled ZECOJI EGHADGH, it crumbles to dust.
You feel blessed for a moment.
It was a scroll of remove curse.
The goblin hits you but does no damage. The goblin hits you.
You die...

####### ....... .
##....... ..#####........
......g........
.....<)g....... ......gg#
##....g@######
#.....gg....#
####+######.# #.# .##.#
#.# ## ###.##.# #.# #.
..#.##.##### #.#
#.####.#.##.....# #.#
###....#.#.######.#####..
.......#.#.# #....).#.


You could see Robin and 6 goblins.

Vanquished Creatures
  The ghost of zeroDi the Sneak, an amateur VSAs (D:3)
  A worker ant (D:4)
  A gnoll (D:1)
  5 adders
  2 oozes
  2 worms
  3 leopard geckos
  4 orcs
  3 giant cockroaches
  7 goblins
  8 hobgoblins
  6 jackals (D:1)
  5 kobolds
  2 ball pythons (D:3)
  8 bats
  4 frilled lizards
  3 rats
65 creatures vanquished.

Notes
Turn   | Place    | Note
-------+----------+-------------------------------------------
     0 | D:1      | Faustar the Troll Transmuter began the quest for the Orb.
     0 | D:1      | Reached XP level 1. HP: 18/18 MP: 1/1
   223 | D:1      | Reached XP level 2. HP: 22/26 MP: 2/2
   337 | D:1      | Reached skill level 4 in Unarmed Combat
   443 | D:1      | Reached XP level 3. HP: 31/32 MP: 3/3
  1179 | D:2      | Reached XP level 4. HP: 40/40 MP: 4/4
  1271 | D:2      | Found a sacrificial altar of Ru.
  1283 | D:2      | Reached skill level 5 in Unarmed Combat
  2015 | D:3      | Noticed zeroDi's ghost (amateur VSAs)
  2027 | D:3      | Killed zeroDi's ghost
  2027 | D:3      | Reached skill level 6 in Unarmed Combat
  2027 | D:3      | Reached XP level 5. HP: 35/46 MP: 5/5
  2035 | D:3      | Found a bloodstained altar of Trog.
  2044 | D:3      | Found an ancient bone altar of Kikubaaqudgha.
  2316 | D:3      | Reached skill level 1 in Fighting
  2580 | D:4      | Reached XP level 6. HP: 50/57 MP: 6/6
  2637 | D:4      | Noticed Robin
  2648 | D:4      | HP: 1/57 [goblin[Robin] (3)]
  2651 | D:4      | Slain by a goblin

Skill      XL: |  1  2  3  4  5 |
---------------+----------------+-----
Unarmed Combat | 4 6 |  6.3
Fighting       | 1 |  1.9
Dodging        | |  1.5
Spellcasting   | |  1.2
Transmutations | |  1.3

Action                   |  1- 3 |  4- 6 || total
-------------------------+-------+-------++-------
Melee: Unarmed           |   113 |    91 ||   204
  Use: Scroll            |       |     1 ||     1
 Stab: Sleeping          |       |     1 ||     1
  Eat: Chunk             |    16 |     7 ||    23
Armor: Robe              |    51 |    42 ||    93
Dodge: Dodged            |    74 |    42 ||   116
